 Dungeon Crawl Stone Soup version 0.25-a0-413-g3b4b6a4ccc (webtiles) character file.

Game seed: 5616116307837036458, levelgen mode: deterministic

208 Mrkan the Chopper (level 5, 0/47 HPs)
             Began as a Hill Orc Fighter on Jan 14, 2020.
             Succumbed to a gnoll's poison
             ... on level 4 of the Dungeon.
             The game lasted 00:03:23 (3269 turns).

Mrkan the Chopper (Hill Orc Fighter)                Turns: 3269, Time: 00:03:23

Health: 0/47       AC:  8    Str: 20    XL:     5   Next: 86%
Magic:  5/5        EV:  7    Int:  8    God:
Gold:   216        SH:  9    Dex: 10    Spells: 4/4 levels left

rFire    . . .     SeeInvis .   a - +0 war axe
rCold    . . .     Gourm    .   c - +0 shield
rNeg     . . .     Faith    .   b - +0 scale mail
rPois    .         Spirit   .   (no helmet)
rElec    .         Reflect  .   h - +0 cloak
rCorr    .         Harm     .   (no gloves)
MR       .....                  (no boots)
Stlth    ..........             (no amulet)
HPRegen  0.15/turn              (no ring)
MPRegen  0.09/turn              (no ring)

@: lethally poisoned (0 -> -15), flying
A: no striking features
a: no special abilities


You were on level 4 of the Dungeon.
You were hungry.

You visited 1 branch of the dungeon, and saw 4 of its levels.

You collected 216 gold pieces.

Inventory:

Hand Weapons
 a - a +0 war axe (weapon)
Missiles
 p - 4 javelins (quivered)
Armour
 b - a +0 scale mail (worn)
 c - a +0 shield (worn)
 h - a +0 cloak (worn)
Jewellery
 r - a +3 ring of evasion {unknown}
Wands
 q - a wand of paralysis (6)
Scrolls
 e - 2 scrolls of remove curse {unknown}
 i - a scroll of magic mapping {unknown}
 j - a scroll of identify {unknown}
 l - a scroll of teleportation {unknown}
 n - a scroll of random uselessness {unknown}
Potions
 d - a potion of might
 k - a potion of brilliance {unknown}
 m - a potion of curing {unknown}
 o - a potion of heal wounds {unknown}
Comestibles
 f - 4 rations


   Skills:
 + Level 4.7 Fighting
 * Level 5.4 Axes
 + Level 4.2 Armour
 + Level 4.2 Shields


You had 4 spell levels left.
You didn't know any spells.
Your spell library was empty.

Dungeon Overview and Level Annotations

Branches:
Dungeon (4/15)
 Temple: D:4-7

Altars:
Zin

Annotations:
D:4 Edmund; PeterQ's ghost, amateur VSGl


Message History

You block the gnoll's attack. You block the gnoll's attack.
Found a scroll labeled WYNORE LIULIFFYS.
The gnoll hits you from afar with a +1 spear of venom.
* * * LOW HITPOINT WARNING * * *
Found a scroll labeled PEYR DOCREZIUJIU.
You block the gnoll's attack. The gnoll hits you but does no damage.
You are poisoned.
You feel sick.
The gnoll hits you from afar with a +1 spear of venom!
* * * LOW HITPOINT WARNING * * *
You are more poisoned.
The hound skeleton closely misses you.
* * * LOW HITPOINT WARNING * * *
You feel sick.
It was a potion of flight.
You feel very buoyant.
You fly up into the air.
You die...

##. ######..#.
###.....#...#
###.....#...#..
##.....#...#...#.
#....#...#...#...#
#..#...#...#...#..
#....#.g.#...#...#.
#.@.#...#...#...#
.......#gg@#...#...#..
.###.#...#Z..#...#...#
#. #...#.g.#...#...#..
#.# .#...#...#...#...#
...###
....#...#...#...#..
...$..
...#...#...#...#...#
.###..#
##....#...#...#...#..
##⌠##..##
#...#...#@..#...#


You could see Edmund, a gnoll shaman, 3 gnolls and a hound skeleton.

Vanquished Creatures
  A centaur (D:3)
  A gnoll (D:2)
  4 adders
  An adder skeleton (D:4)
  3 worms
  A dart slug (D:1)
  5 orcs
  A ball python (D:1)
  4 giant cockroaches
  3 goblins
  6 hobgoblins
  6 jackals (D:2)
  6 bats
  7 frilled lizards
  9 kobolds
  9 rats
67 creatures vanquished.

Notes
Turn   | Place    | Note
-------+----------+-------------------------------------------
     0 | D:1      | Mrkan the Hill Orc Fighter began the quest for the Orb.
     0 | D:1      | Reached XP level 1. HP: 19/19 MP: 1/1
    97 | D:1      | Reached skill level 3 in Axes
   125 | D:1      | Reached XP level 2. HP: 16/27 MP: 2/2
  1002 | D:2      | Reached XP level 3. HP: 27/33 MP: 3/3
  1234 | D:2      | Reached skill level 4 in Axes
  1324 | D:2      | Found a glowing silver altar of Zin.
  1339 | D:2      | Reached XP level 4. HP: 35/40 MP: 4/4
  2183 | D:3      | Noticed a centaur
  2199 | D:3      | Killed a centaur
  2199 | D:3      | Reached skill level 5 in Axes
  2199 | D:3      | Reached XP level 5. HP: 7/47 MP: 5/5
  3187 | D:4      | Noticed PeterQ's ghost (amateur VSGl)
  3238 | D:4      | Noticed Edmund
  3267 | D:4      | HP: 2/47 [gnoll/+1 spear of venom (7)]
  3269 | D:4      | Succumbed to a gnoll's poison

Levels and vault maps discovered:
D:1:      dpeg_arrival_stone_temple_mockup, layout_basic
D:2:      layout_loops_ring, zin_academy, first_ration,
          minmay_misc_feat_enclosed, cheibrodos_gnoll_hut
D:3:      layout_basic
D:4:      minmay_clustersquares, layout_rooms, hellmonk_ghost_happy_afterlife,
          hex_large, grunt_ministairs_15, tgw_kikubaaqudgha, uniq_edmund

Skill      XL: |  1  2  3  4 |
---------------+-------------+-----
Axes           | 3 4 5 |  5.4
Fighting       | 4 |  4.7
Armour         | 4 |  4.2
Shields        | 4 |  4.2

Action                   |  1- 3 |  4- 6 || total
-------------------------+-------+-------++-------
Melee: War axe           |   123 |   108 ||   231
  Use: Potion            |       |     1 ||     1
  Eat: Chunk             |     1 |     6 ||     7
Armor: Scale mail        |    74 |    61 ||   135
Dodge: Dodged            |    30 |    46 ||    76
Block: Shield            |    81 |    72 ||   153

Table legend:
 A = Non-vault XP
 B = Vault XP
 C = Vault XP percentage of total XP
 D = Non-vault monster count
 E = Vault monster count
 F = Vault count percentage of total count
                 A         B        C        D         E       F
            +---------+---------+-------+---------+---------+-------
      Total |     279 |      19 |   6.4 |      64 |       3 |   4.5
            +---------+---------+-------+---------+---------+-------
        D:1 |      27 |       0 |   0.0 |      17 |       0 |   0.0
        D:2 |      66 |      19 |  22.4 |      24 |       3 |  11.1
        D:3 |     161 |       0 |   0.0 |      17 |       0 |   0.0
        D:4 |      25 |       0 |   0.0 |       6 |       0 |   0.0
            +---------+---------+-------+---------+---------+-------
